 Dungeon Crawl Stone Soup version 0.26-a0-190-g75a3d40d47 (webtiles) character file.

Game seed: 4446697784640760103

1652258 bmfx the Crack Shot (level 27, 254/254 HPs)
             Began as a Centaur Necromancer on July 4, 2020.
             Was a High Priest of Okawaru.
             Escaped with the Orb
             ... and 3 runes!
             The game lasted 03:13:16 (80669 turns).

bmfx the Crack Shot (Centaur Necromancer)          Turns: 80669, Time: 03:13:17

Health: 254/254    AC: 57    Str: 25    XL:     27
Magic:  29/29      EV: 13    Int: 14    God:    Okawaru [*****.]
Gold:   5515       SH:  0    Dex: 16    Spells: 26/29 levels left

rFire    . . .     SeeInvis +   w - +8 longbow "Zephyr" {speed, Dex+3 SInv}
rCold    + . .     Faith    .   (shield currently unavailable)
rNeg     + + .     Spirit   .   Z - +0 crystal plate armour of Death's Door {god gift, rElec rPois Slay+5 Stlth-}
rPois    +         Reflect  .   J - +2 helmet {SInv}
rElec    +         Harm     .   K - +4 dragonskin cloak
rCorr    +         Clarity  +   k - +3 pair of gauntlets of War {god gift, Slay+5}
MR       +++++                  o - +10 Black Knight's horse barding {ponderous, rPois rN+}
Stlth    ..........             n - amulet of the Four Winds {rN+ MR+++ Clar}
HPRegen  0.52/turn              R - ring "Koihof" {rCorr Str+4}
MPRegen  0.21/turn              H - +4 ring of slaying

@: quick
A: large, hooves 3, deformed body, speed 2, low mp 1, tough skin 3
0: Orb of Zot
}: 3/15 runes: decaying, silver, gossamer
a: Heroism, Finesse, Renounce Religion


You escaped.
You worshipped Okawaru.
Okawaru was extremely pleased with you.
You were full.

You visited 11 branches of the dungeon, and saw 53 of its levels.
You also visited: Trove, Sewer and Volcano.

You collected 8710 gold pieces.
You spent 3195 gold pieces at shops.


Innate Abilities, Weirdness & Mutations

You have hooves in place of feet.
Armour fits poorly on your strangely shaped body.
You cover ground very quickly.
You have extremely tough skin. (AC +3)
Your magical capacity is low. (-10% MP)

Dungeon Overview and Level Annotations

Branches:
Dungeon (15/15)            Temple (1/1) D:4            Lair (6/6) D:11
  Swamp (4/4) Lair:3       Spider (4/4) Lair:3        Slime (0/5) Lair:6
    Orc (2/2) D:10            Elf (3/3) Orc:2        Vaults (5/5) D:13
  Crypt (3/3) Vaults:2       Tomb (0/3) Crypt:3      Depths (5/5) D:15
    Zot (5/5) Depths:5      Sewer (visited)         Volcano (visited)

Altars:
Ashenzari
Elyvilon
Fedhas
Gozag
Hepliaklqana
Kikubaaqudgha
Makhleb
Nemelex Xobeh
Okawaru
Qazlal
Ru
Sif Muna
Trog
Uskayaw
Vehumet
Wu Jian
Xom
Yredelemnul
Zin
The Shining One
Beogh
Lugonu

Shops:
D:8 *(   D:11 *   Orc:2 [((*(   Elf:1 }   Elf:3 (   Vaults:1 :   Vaults:2 :
Vaults:4 *   Depths:1 %   Depths:2 }

Portals:
Hell: Depths:1 Depths:2 Depths:3 Depths:4 Depths:5
Abyss: Depths:1 Depths:3 Depths:4 Depths:5
Pandemonium: Depths:2 Depths:3 Depths:4
Ziggurat: Depths:5

Annotations:
Swamp:1 1 runed translucent door
Swamp:4 1 runed translucent door, PIKKUHERKKO's ghost, adept DsBe
Elf:2 2 runed translucent doors, Naub's ghost, adept HaCK
Depths:2 3 runed translucent doors, Jeudghys's ghost, veteran MiFi


   Skills:
 - Level 22.0 Fighting
   Level 4.0 Maces & Flails
 - Level 22.0 Bows
 - Level 22.0 Armour
 - Level 22.0 Dodging
 - Level 1.1 Stealth
 - Level 1.5 Spellcasting
 - Level 6.0 Necromancy
 + Level 12.8 Invocations
 - Level 10.0 Evocations


You had 26 spell levels left.
You knew the following spells:

 Your Spells              Type           Power        Failure   Level  Hunger
B - Vampiric Draining     Necr           ###.......   61%         3    ####...

Your spell library contained the following spells:

 Spells                   Type           Power        Failure   Level  Hunger
 Animate Skeleton         Necr           N/A          26%         1    ##.....
 Pain                     Necr           ###.         26%         1    ##.....
 Sublimation of Blood     Necr           ###.......   36%         2    ###....
 Corpse Rot               Necr/Air       N/A          80%         2    ###....
 Animate Dead             Necr           N/A          95%         4    #####..
 Dispel Undead            Necr           ###.....     95%         4    #####..
 Apportation              Tloc           #.....       97%         1    ##.....
 Corona                   Hex            #......      97%         1    ##.....
 Foxfire                  Conj/Fire      #...         97%         1    ##.....
 Freeze                   Ice            #...         97%         1    ##.....
 Infusion                 Chrm           #...         97%         1    ##.....
 Magic Dart               Conj           #...         97%         1    ##.....
 Sandblast                Erth           #.....       97%         1    ##.....
 Shock                    Conj/Air       #...         97%         1    ##.....
 Sting                    Tmut/Pois      #...         97%         1    ##.....
 Summon Butterflies       Summ           #.......     97%         1    ##.....
 Summon Small Mammal      Summ           #...         97%         1    ##.....
 Blink                    Tloc           N/A          99%         2    ###....
 Call Imp                 Summ           #.......     99%         2    ###....
 Ensorcelled Hibernation  Hex/Ice        #.....       99%         2    ###....
 Passwall                 Tmut/Erth      #.......     99%         2    ###....
 Poisonous Vapours        Pois/Air       #.....       99%         2    ###....
 Searing Ray              Conj           #.....       99%         2    ###....
 Shroud of Golubria       Chrm/Tloc      #.....       99%         2    ###....
 Song of Slaying          Chrm           #.......     99%         2    ###....
 Swiftness                Chrm/Air       #.......     99%         2    ###....
 Call Canine Familiar     Summ           #.......     100%        3    ####...
 Confusing Touch          Hex            #.......     100%        3    ####...
 Dazzling Flash           Conj/Hex       #.....       100%        3    ####...
 Frozen Ramparts          Ice            #.....       100%        3    ####...
 Gell's Gravitas          Tloc           #.........   100%        3    ####...
 Ignite Poison            Fire/Tmut/Pois #.......     100%        3    ####...
 Lesser Beckoning         Tloc           #.........   100%        3    ####...
 Mephitic Cloud           Conj/Pois/Air  #.......     100%        3    ####...
 Ozocubu's Armour         Chrm/Ice       #.......     100%        3    ####...
 Spectral Weapon          Hex/Chrm       #.......     100%        3    ####...
 Static Discharge         Conj/Air       #.......     100%        3    ####...
 Stone Arrow              Conj/Erth      #.....       100%        3    ####...
 Summon Guardian Golem    Hex/Summ       #.......     100%        3    ####...
 Teleport Other           Tloc           #.......     100%        3    ####...
 Tukima's Dance           Hex            #.......     100%        3    ####...
 Airstrike                Air            #.........   100%        4    #####..
 Cause Fear               Hex            #.........   100%        4    #####..
 Fulminant Prism          Conj/Hex       #.........   100%        4    #####..
 Hailstorm                Conj/Ice       #.......     100%        4    #####..
 Iskenderun's Mystic Bla  Conj/Tloc      #.......     100%        4    #####..
 Leda's Liquefaction      Hex/Erth       #.........   100%        4    #####..
 Olgreb's Toxic Radiance  Pois           #.......     100%        4    #####..
 Petrify                  Tmut/Erth      #.......     100%        4    #####..
 Summon Ice Beast         Ice/Summ       #.......     100%        4    #####..
 Summon Lightning Spire   Summ/Air       #.......     100%        4    #####..
 Agony                    Necr           ###.....     100%        5    ######.
 Alistair's Intoxication  Tmut/Pois      #.......     100%        5    ######.
 Bolt of Magma            Conj/Fire/Erth #.........   100%        5    ######.
 Borgnjor's Vile Clutch   Necr/Erth      #.........   100%        5    ######.
 Excruciating Wounds      Chrm/Necr      #.........   100%        5    ######.
 Fireball                 Conj/Fire      #.........   100%        5    ######.
 Iskenderun's Battlesphe  Conj/Chrm      #.......     100%        5    ######.
 Lee's Rapid Deconstruct  Erth           #.........   100%        5    ######.
 Lightning Bolt           Conj/Air       #.........   100%        5    ######.
 Metabolic Englaciation   Hex/Ice        #.........   100%        5    ######.
 Silence                  Hex/Air        #.........   100%        5    ######.
 Summon Mana Viper        Hex/Summ       #.......     100%        5    ######.
 Yara's Violent Unravell  Hex/Tmut       #.........   100%        5    ######.
 Darkness                 Hex            #.........   100%        6    #######
 Freezing Cloud           Conj/Ice/Air   #.........   100%        6    #######
 Invisibility             Hex            #.......     100%        6    #######
 Iron Shot                Conj/Erth      #.........   100%        6    #######
 Shadow Creatures         Summ           N/A          100%        6    #######
 Statue Form              Tmut/Erth      #........    100%        6    #######
 Malign Gateway           Summ/Tloc      #.........   100%        7    #######
 Monstrous Menagerie      Summ           #.........   100%        7    #######
 Orb of Destruction       Conj           #.........   100%        7    #######
 Spellforged Servitor     Conj/Summ      #.........   100%        7    #######
 Summon Greater Demon     Summ           #.........   100%        7    #######
 Summon Hydra             Summ           #.........   100%        7    #######
 Discord                  Hex            #.........   100%        8    #######
 Ignition                 Fire           #.........   100%        8    #######
 Summon Horrible Things   Summ           #.........   100%        8    #######
 Shatter                  Erth           #.........   100%        9    #######
 Tornado                  Air            #.........   100%        9    #######
 Passage of Golubria      Tloc           Unusable     N/A         4    N/A

Action                   |  1- 3 |  4- 6 |  7- 9 | 10-12 | 13-15 | 16-18 | 19-21 | 22-24 | 25-27 || total
-------------------------+-------+-------+-------+-------+-------+-------+-------+-------+-------++-------
Melee: Whip              |    10 |    48 |   406 |   334 |       |       |       |       |       ||   798
       Kick              |     3 |     9 |   100 |    87 |       |     1 |       |       |       ||   200
       Spear             |       |     4 |       |       |       |       |       |       |       ||     4
       Punch             |       |       |     1 |     5 |       |       |       |       |       ||     6
       Longbow           |       |       |       |       |       |     1 |       |       |       ||     1
 Fire: Shortbow          |       |    25 |    39 |   554 |   649 |       |       |       |       ||  1267
       Longbow           |       |       |       |       |   688 |  1511 |  1566 |  1450 |  2061 ||  7276
Throw: Dart              |       |       |    15 |       |       |       |       |       |       ||    15
 Cast: Pain              |    57 |   106 |    11 |       |       |       |       |       |       ||   174
       Vampiric Draining |       |       |     1 |       |       |       |       |       |       ||     1
Invok: Heroism           |       |       |     9 |    24 |    26 |    18 |     9 |    23 |    36 ||   145
       Finesse           |       |       |       |     1 |    14 |    15 |     8 |    15 |    24 ||    77
 Abil: Evoke Invisibilit |       |       |       |       |       |       |       |       |     1 ||     1
Evoke: Wand              |       |       |     5 |    23 |     5 |     4 |     6 |    22 |    13 ||    78
       Phial of floods   |       |       |       |       |     2 |       |       |     1 |       ||     3
       Tin of tremorston |       |       |       |       |       |       |       |     5 |     3 ||     8
       Lightning rod     |       |       |       |       |       |       |       |     3 |       ||     3
       Phantom mirror    |       |       |       |       |       |       |       |     1 |       ||     1
  Use: Scroll            |     1 |    10 |    17 |    11 |     4 |    13 |    15 |    17 |    15 ||   103
       Potion            |       |       |     2 |     2 |     1 |     3 |     3 |     1 |     7 ||    19
  Eat: Chunk             |     3 |    14 |    16 |    18 |     9 |    18 |    20 |     8 |     5 ||   111
       Ration            |       |       |       |     3 |     5 |     3 |     2 |     5 |    10 ||    28
Armor: Robe              |    10 |    24 |   154 |   166 |       |       |       |       |       ||   354
       Ring mail         |       |       |       |    24 |   124 |   391 |   194 |   168 |    87 ||   988
       Leather armour    |       |       |       |       |       |       |       |    12 |    70 ||    82
       Crystal plate arm |       |       |       |       |       |       |       |       |    80 ||    80
Dodge: Dodged            |     8 |    29 |   181 |   194 |    77 |   251 |   189 |   183 |   313 ||  1425

Skill      XL: |  1  2  3  4  5  6  7  8  9 10 11 12 13 14 15 16 17 18 19 20 21 22 23 24 25 26 27 |
---------------+----------------------------------------------------------------------------------+-----
Necromancy     | 4 5 6 |  6.0
Fighting       | 2 3 4 8 9 10 13 15 16 19 20 22 | 22.0
Maces & Flails | 1 3 4 |  4.0
Invocations    | 4 6 8 10 12 | 12.8
Evocations     | 1 4 8 10 | 10.0
Bows           | 7 8 12 17 20 22 | 22.0
Armour         | 2 3 7 9 12 13 16 18 22 | 22.0
Dodging        | 8 9 12 13 16 19 21 22 | 22.0
Stealth        | |  1.1
Spellcasting   | |  1.5

Inventory:

Hand Weapons
 w - the +8 longbow "Zephyr" (weapon) {speed, Dex+3 SInv}
   (You found it in a treasure trove)

   Attacks with this weapon are significantly faster.
   It affects your dexterity (+3).
   It lets you see invisible.
Missiles
 f - 783 arrows (quivered)
 B - 26 curare-tipped darts
 I - 5 throwing nets {!f}
Armour
 k - the +3 pair of gauntlets of War (worn) {god gift, Slay+5}
   (Okawaru gifted it to you on level 3 of the Depths)

   It affects your accuracy and damage with ranged weapons and melee attacks
   (+5).
 o - the +10 Black Knight's horse barding (worn) {ponderous, rPois rN+}
   (You found it in a treasure trove)

   It protects you from poison.
   It protects you from negative energy.
 F - the +4 centaur barding of Elitism {god gift, -Cast rF+ Regen+}
   (Okawaru gifted it to you on level 11 of the Dungeon)

   It protects you from fire.
   It prevents spellcasting.
   It increases your rate of regeneration.
 J - a +2 helmet of see invisible (worn)
 K - the +4 dragonskin cloak (worn)
   (You took it off Tiamat on level 5 of the Realm of Zot)
 Y - a scarf of resistance
 Z - the +0 crystal plate armour of Death's Door (worn) {god gift, rElec rPois Slay+5 Stlth-}
   (Okawaru gifted it to you on level 4 of the Realm of Zot)

   It affects your accuracy and damage with ranged weapons and melee attacks
   (+5).
   It insulates you from electricity.
   It protects you from poison.
   It makes you less stealthy.
Jewellery
 g - an uncursed ring of protection from cold
 n - the amulet of the Four Winds (around neck) {rN+ MR+++ Clar}
   (You took it off a deep elf annihilator on level 3 of the Elven Halls)

   [amulet of nothing]

   It protects you from negative energy.
   It affects your resistance to hostile enchantments.
   It protects you against confusion.
 p - the ring of Xaless {Wiz +Inv rPois}
   (You found it in a treasure trove)

   [ring of wizardry]

   It improves your spell success rate.
   It protects you from poison.
   It lets you turn invisible.
 x - the ring "Uwniys" {rF+ Stlth+}
   (You found it on level 3 of the Elven Halls)

   [ring of protection from fire]

   It protects you from fire.
   It makes you more stealthy.
 H - a +4 ring of slaying (right hand)
 R - the ring "Koihof" (left hand) {rCorr Str+4}
   (You took it off a deep elf demonologist on level 3 of the Elven Halls)

   [ring of resist corrosion]

   It affects your strength (+4).
   It provides partial protection from all sources of acid and corrosion.
Wands
 j - a wand of clouds (13)
 r - a wand of digging (30)
 A - a wand of iceblast (14)
 C - a wand of enslavement (11)
 G - a wand of flame (10)
 M - a wand of polymorph (9)
 P - a wand of paralysis (30)
 T - a wand of acid (38)
 V - a wand of disintegration (15)
Scrolls
 b - 23 scrolls of teleportation {@r1}
 m - 4 scrolls of summoning
 q - 4 scrolls of blinking {@r2}
 v - 4 scrolls of fog
 y - 4 scrolls of identify {@r3}
 z - 7 scrolls of holy word
 E - 5 scrolls of fear
 L - 5 scrolls of magic mapping
 S - 2 scrolls of silence
 X - 18 scrolls of remove curse {@r4}
Potions
 c - 12 potions of curing {@q2}
 e - 15 potions of heal wounds {@q1}
 h - 12 potions of flight
 l - 4 potions of magic
 D - 8 potions of haste {@q4}
 N - 5 potions of cancellation
 Q - 12 potions of ambrosia
 W - a potion of brilliance
Miscellaneous
 a - a lightning rod (4/4)
 i - a phantom mirror
 s - a tin of tremorstones (3/3)
 O - 8 boxes of beasts
 U - a phial of floods
Comestibles
 d - 61 rations

.# ###.# ########### .# #.#
#.........# .## #.######
#.#######.# ..# #.#....# #.# #.#
..#######.#....######.#######.#
..##......................)...#
......##.############(###########
##....##...# ##### #............
.#....####.###..@####..##########
.#..........♣##.##♣.#....# #.
.#.#.......≈≈P#.#♣≈≈##.#.#######.
##.#....#..≈≈≈≈≈≈≈≈≈≈#.#......##.
##.#....#.#≈≈≈#.#♣≈≈.....#.##.#..
##.#....#.#.P##.##♣..#......#.#.#
....#...#.####...###.###.#..#.#.#
......#.#.# #######.# #.#..#.#.#
#####.#.#.# #.....###.#..#.#.#


There were no monsters in sight!

Vanquished Creatures
  Tiamat (Zot:5)
  2 orbs of fire (Zot:5)
  Khufu (Crypt:3)
  7 ancient liches
  Mara (Elf:3)
  A juggernaut (Depths:2)
  3 greater mummies (Crypt:3)
  Sojobo (Depths:1)
  the Lernaean hydra (Swamp:4)
  5 Killer Klowns (Zot:5)
  Bai Suzhen (Crypt:3)
  Margery (Crypt:3)
  Saint Roka (Depths:2)
  2 pandemonium lords
  5 caustic shrikes (Depths:5)
  8 golden dragons
  3 bone dragons
  2 electric golems (Zot:5)
  7 liches
  Jorgrun (Orc:1)
  25 Orb Guardians (Zot:5)
  24 tentacled monstrosities
  A quicksilver dragon (shapeshifter) (Vaults:5)
  Rupert (D:15)
  Asterion (Elf:2)
  2 deep elf blademasters
  5 titans
  2 deep elf master archers (Elf:3)
  9 quicksilver dragons
  6 sphinxes
  Gastronok (D:11)
  Kirke (Lair:6)
  An ancient champion (Crypt:1)
  A thorn hunter (Swamp:3)
  15 death cobs
  10 draconian monks
  16 shadow dragons
  Donald (Swamp:4)
  Agnes (D:15)
  5 tengu reavers
  13 storm dragons
  2 revenants
  Roxanne (D:14)
  6 draconian scorchers
  9 draconian knights
  2 orc warlords (Orc:2)
  An iron dragon (Depths:4)
  9 fire giants
  7 deep elf sorcerers
  Aizul (Swamp:4)
  A balrug (Depths:3)
  18 vault wardens
  11 ghost moths
  2 emperor scorpions
  An angel (Depths:3)
  11 frost giants
  11 draconian shifters
  2 curse skulls
  6 ghouls
  13 ironheart preservers
  4 spriggan defenders
  8 draconian annihilators
  5 deep elf elementalists (Elf:3)
  2 draconian stormcallers
  A reaper (D:6)
  19 stone giants
  5 war gargoyles
  11 vampire knights
  31 very ugly things
  6 entropy weavers
  15 deep elf annihilators
  11 black draconians
  17 purple draconians
  4 deep elf demonologists
  A minotaur (shapeshifter) (Vaults:5)
  10 green draconians
  15 white draconians
  9 yellow draconians
  26 red draconians
  Snorg (Orc:2)
  7 spark wasps
  8 fire dragons
  A blizzard demon (Depths:2)
  11 deep elf death magi
  14 ettins
  16 jiangshi
  Josephine (Lair:6)
  2 eidola (Crypt:2)
  A mummy priest (Crypt:3)
  19 yaktaur captains
  8 ogre magi
  5 deep elf high priests
  5 great orbs of eyes
  28 hydras
  Fannar (D:11)
  9 ice dragons
  A quicksilver dragon skeleton (Depths:2)
  37 vault guards
  Erica (D:9)
  Harold (D:7)
  2 hell beasts
  4 spriggan air magi
  22 two-headed ogres
  5 centaur warriors
  2 ghost crabs
  4 rakshasas
  A shambling mangrove (Swamp:3)
  7 death knights
  17 alligators
  5 deep troll shamans
  19 dancing weapons
  10 death yaks
  2 tengu warriors
  15 vampire magi
  2 deep troll earth magi
  5 spriggan berserkers
  3 orc high priests
  A soul eater (Crypt:2)
  Urug (D:11)
  3 sun demons
  8 spriggans
  A small abomination (Elf:3)
  Nergalle (Lair:1)
  20 deep elf knights
  Sonja (D:10)
  15 hell knights
  A fire crab (shapeshifter) (D:14)
  4 iron trolls
  A spark wasp zombie (Crypt:1)
  A spriggan druid (Swamp:2)
  12 deep trolls
  An infernal demonspawn (Depths:2)
  12 swamp dragons
  A glowing orange brain (shapeshifter) (Vaults:4)
  An unseen horror (shapeshifter) (Depths:5)
  2 anaconda zombies (Crypt:3)
  2 shadow wraiths
  29 skeletal warriors
  A salamander mystic (Depths:2)
  5 glowing orange brains
  A deep troll (shapeshifter) (Vaults:5)
  A torturous demonspawn (Depths:2)
  2 unseen horrors
  5 flayed ghosts
  A golden dragon skeleton (Depths:2)
  A storm dragon skeleton (Crypt:3)
  A shadow dragon zombie (Vaults:4)
  3 wizards
  13 phantasmal warriors
  8 deep elf archers
  12 orc knights
  8 necromancers
  20 ironbrand convokers
  38 wolf spiders
  18 orb spiders
  A frost giant zombie (Crypt:3)
  A wolf spider zombie (D:15)
  A shining eye (shapeshifter) (Vaults:5)
  6 cyclopes
  4 harpies (Vaults:3)
  12 oklob plants
  63 deep elf magi
  A fire giant zombie (Vaults:4)
  A stone giant zombie (Crypt:1)
  2 sphinx skeletons (Vaults:4)
  4 orc sorcerers
  3 manticores
  31 ugly things
  26 moths of wrath
  4 salamanders
  An elephant (Lair:4)
  3 guardian serpents (shapeshifter)
  4 rust devils
  A black mamba (shapeshifter) (Vaults:5)
  An iron dragon skeleton (Depths:2)
  12 vault sentinels
  An elephant (shapeshifter) (Vaults:5)
  An orange demon (D:15)
  29 cane toads
  Maurice (D:12)
  8 black mambas
  Psyche (D:11)
  2 torpor snails (shapeshifter)
  4 smoke demons (Crypt:3)
  A torpor snail (Spider:1)
  5 gargoyles
  An alligator snapping turtle zombie (Crypt:1)
  A catoblepas zombie (Crypt:1)
  An eye of devastation (shapeshifter) (Vaults:3)
  A kobold demonologist (D:9)
  58 yaktaurs
  A grey draconian zombie (Crypt:2)
  10 freezing wraiths
  5 komodo dragons
  3 rime drakes
  A hellion (D:7)
  A redback zombie (Crypt:2)
  2 ice devils
  12 demonic crawlers
  A hellwing (Depths:2)
  7 guardian mummies
  4 red devils
  A red draconian zombie (Crypt:2)
  A yellow draconian skeleton (Crypt:1)
  15 tyrant leeches
  A meliai (shapeshifter) (Vaults:4)
  A harpy zombie (Crypt:3)
  41 jumping spiders
  A queen bee (shapeshifter) (Depths:1)
  A merfolk (D:9)
  A moth of wrath zombie (Crypt:1)
  A troll (shapeshifter) (Vaults:1)
  8 trolls
  7 polar bears
  A queen bee (Spider:3)
  A tyrant leech (shapeshifter) (Vaults:4)
  3 meliai (Spider:3)
  28 hornets
  2 raiju (shapeshifter)
  7 bog bodies
  24 blink frogs
  A dream sheep (shapeshifter) (Vaults:4)
  34 slime creatures
  A slime creature (shapeshifter) (Vaults:3)
  2 hydra skeletons
  5 dream sheep (Lair:5)
  11 hippogriffs
  29 tarantellas
  A vampire (D:13)
  2 yaks (shapeshifter)
  4 air elementals
  2 ynoxinuls (Depths:2)
  A spriggan (shapeshifter) (Vaults:1)
  7 shadows
  A basilisk (shapeshifter) (Vaults:1)
  11 water elementals
  105 redbacks
  38 yaks
  3 fire elementals
  A hog (Lair:6)
  A fire dragon skeleton (Crypt:3)
  2 basilisks
  A human (D:10)
  3 steam dragons
  20 wraiths
  5 hungry ghosts
  Grum (Lair:1)
  44 vampire mosquitoes
  6 insubstantial wisps
  2 acid dragons
  5 wargs
  A soldier ant (D:14)
  19 swamp worms
  12 porcupines
  A tengu skeleton (Depths:2)
  12 water moccasins
  A floating eye (Depths:3)
  3 ice beasts
  Duvessa (D:5)
  5 sky beasts
  11 swamp drakes
  50 orc warriors
  5 phantoms
  2 black bears
  An eye of draining (D:9)
  2 hornet zombies
  9 boggarts
  A manticore skeleton (Crypt:3)
  19 wolves
  A dream sheep skeleton (Crypt:2)
  30 ogres
  3 centaurs
  14 crocodiles
  3 big kobolds
  A hippogriff zombie (Crypt:2)
  39 bullfrogs
  A cyclops zombie (Crypt:1)
  Dowan (D:5)
  4 scorpions
  A spriggan zombie (Crypt:3)
  15 wights
  9 killer bees (Spider:3)
  A troll zombie (Crypt:1)
  2 spriggan skeletons (Crypt:3)
  A howler monkey (D:4)
  2 electric eels
  A crimson imp (Depths:2)
  A bullfrog zombie (D:12)
  3 hounds
  5 quasits
  4 centaur zombies
  3 jellies
  A bullfrog skeleton (D:9)
  3 centaur skeletons
  32 orc priests
  27 orc wizards
  7 iguanas
  An iron imp (Depths:2)
  13 hell rats
  17 worker ants
  A porcupine skeleton (Crypt:1)
  A killer bee zombie (D:7)
  A naga skeleton (Crypt:3)
  A hound zombie (D:6)
  2 hound skeletons
  14 mummies
  A howler monkey zombie (D:6)
  2 worker ant zombies (D:6)
  4 gnolls (D:6)
  A howler monkey skeleton (D:8)
  5 river rats
  10 adders
  A steam dragon zombie (Crypt:1)
  2 shadow imps
  7 white imps
  An ufetubus (D:5)
  2 oozes
  3 adder skeletons
  10 worms
  2 dart slugs
  9 leopard geckos
  135 orcs
  14 giant cockroaches
  10 goblins
  11 hobgoblins
  4 jackals (D:6)
  22 kobolds
  3 quokkas
  4 ball pythons
  7 bats
  12 frilled lizards
  18 rats
  A crawling corpse (Elf:3)
2627 creatures vanquished.

Vanquished Creatures (collateral kills)
  A curse toe (Zot:5)
  A storm dragon (Zot:5)
  A white draconian (Zot:1)
3 creatures vanquished.

Vanquished Creatures (others)
  Nikola (Spider:4)
  A shadow dragon (Zot:1)
  A spark wasp (Depths:5)
  A shadow wraith (Vaults:4)
  2 humans (Lair:6)
  3 insubstantial wisps (Swamp:3)
  2 orcs
  41 fungi
  54 plants
  44 withered plants (Crypt:3)
150 creatures vanquished.

Grand Total: 2780 creatures vanquished

Levels and vault maps discovered:
D:1:      sevenhm_arrival_forest_fort_small_4, layout_basic
D:2:      layout_loops_ring, first_ration
D:3:      layout_basic, grunt_ministairs_4, minmay_divided_ellipse
D:4:      minmay_bubble_buster, layout_loops_corners, temple_doors_cd,
          serial_co_window_serial, co_window_paths_b, co_window_paths_a,
          co_window_paths_a, co_window_corner_a, co_window_paths_a,
          co_window_corner_b, co_window_unsneaky_path_d,
          co_window_unsneaky_path_d, co_window_unsneaky_path_d,
          co_window_2corner, glass_columns_a, glass_columns_b, glass_columns_c,
          glass_columns_c, glass_columns_b, chequers_serial_rivers_micro_d,
          grunt_ministairs_9
D:5:      layout_cave_pools, chequers_temple_overflow_statue_of_worship,
          portal_sewer_entry_a, uniq_duvessa
D:6:      layout_cave_pools, serial_undead, serial_undead_e, serial_undead_a,
          serial_undead_e, serial_undead_f
D:7:      layout_rooms, lemuel_round_altar, uniq_harold
D:8:      layout_basic, lightli_temple_of_fire, tso_metal_star, serial_shops,
          shop, shop
D:9:      layout_roguey, kennysheep_mini, hangedman_fish_farm, minivault_25_ag,
          minmay_diamond_spiral, uniq_erica
D:10:     cheibrodos_iron_armory, layout_rooms, erik_orc_4, uniq_sonja
D:11:     layout_roguey, due_lair_maze_entry_diamond, serial_shops, shop,
          nicolae_trove_entry_path_of_doom, grunt_gozag_breadcrumbs, uniq_urug,
          uniq_fannar, uniq_gastronok, uniq_psyche
D:12:     layout_loops_ring, uniq_maurice
D:13:     layout_cave_pods, david_vaults_4
D:14:     layout_grid_maze, minivault_23, uniq_roxanne
D:15:     grunt_enter_depths_hoard, layout_loops_cross, minivault_11,
          minmay_guarded_unrand_curses, uniq_rupert, uniq_agnes
Temple:   lightli_temple_of_artemis
Lair:1:   layout_regular_city, chequers_serial_rivers_micro_b, uniq_grum,
          uniq_nergalle
Lair:2:   cheibrodos_lair_river_kwai, layout_cave_pods,
          nicolae_volcano_entry_s_turn
Lair:3:   layout_misc_corridors, palyth_hydra_swamp_entry,
          nicolae_spider_entry_non_spiders
Lair:4:   layout_cave_pods, beast_lair_carwin_8
Lair:5:   dpeg_oklob_shooting_range, layout_long_grid,
          chequers_serial_rivers_micro_d, lemuel_fruit_tree,
          minmay_lair_oklob_chamber, grunt_megastairs_3
Lair:6:   minmay_lair_end_frog_pond, layout_layer_cave,
          minmay_slime_entry_oklob_open, infiniplex_staircase_pool_2,
          uniq_kirke, uniq_josephine
Swamp:1:  gammafunk_mikee_crab_dinner, layout_falls_marsh,
          evilmike_swamp_ruin_house_5
Swamp:2:  layout_basic_swamp, hangedman_swamp_pad, swamp_pool2,
          infiniplex_staircase_pool
Swamp:3:  layout_basic_swamp, serial_swamp_ruin, evilmike_swamp_ruin_house_4,
          evilmike_swamp_ruin_house_3
Swamp:4:  swamp_basic_johnstein, layout_basic_swamp,
          ebering_ghost_reflecting_pool, uniq_donald, uniq_aizul
Spider:1: layout_chambers
Spider:2: layout_spider_delve
Spider:3: spider_temple_joshua, hive_lemuel
Spider:4: grunt_spider_rune_parallel, uniq_nikola
Orc:1:    layout_diamond_mine, basic_altar, uniq_jorgrun
Orc:2:    grunt_orc_community_town_hall, layout_diamond_mine,
          grunt_orc_community_big_house_2, grunt_orc_community_big_house_2,
          grunt_orc_community_house_2, grunt_orc_community_house_1,
          grunt_orc_community_house_1, grunt_orc_community_house_2,
          serial_shops, nicolae_shop_crystal, minmay_orc_temple_a, uniq_snorg
Elf:1:    elf_arrival_001, layout_loops_cross, serial_shops, shop,
          minmay_elf_annihilation
Elf:2:    layout_geoelf_grid, ebering_ghost_disaster_area, hex_large, drop_trap,
          hex_intersection, uniq_asterion
Elf:3:    minmay_elf_hall_dome, layout_geoelf_diagonals, serial_shops,
          nicolae_shop_trees, basic_altar, uniq_mara
Vaults:1: grunt_vaults_funnel, v_misc_32, nicolae_vaults_big_ls,
          dpeg_vaults_monster_box, v_misc_33, v_rooms_1,
          nicolae_vaults_murderbox, layout_vaults_chaotic_city, serial_shops,
          shop
Vaults:2: vaults_room_fours, v_misc_8, st_diamondy,
          nicolae_vaults_little_squares_6, vaults_mumra_chevron,
          minmay_crypt_entry_simple_sparse, nicolae_vaults_alarming,
          layout_vaults_omnigrid, serial_shops, shop_coins
Vaults:3: v_misc_27, vaults_room_ringed_pool, ontoclasm_vaults_eye,
          v_alt_pattern_4, v_misc_29, v_misc_1, v_misc_18, st_octagons_2,
          nicolae_vaults_what_the_h, nicolae_vaults_ring_of_whatevers,
          v_misc_13, layout_vaults_maze
Vaults:4: vaults_dpeg_diagonal, v_alt_pattern_4, vaults_mumra_chevron_long,
          hangedman_vaults_river_flow, nicolae_vaults_octagons,
          vaults_room_pools, vaults_standard_mumra_x, ontoclasm_vaults_chip,
          vaults_mumra_hexcomb, vaults_room_semicircle, hangedman_vaults_snaps,
          nicolae_vaults_yaktaur_gun_rack, v_misc_8, v_misc_25,
          ontoclasm_vaults_idyll, layout_vaults_ring, serial_shops,
          nicolae_shop_overgrown_old_shop
Vaults:5: serial_shops
Crypt:1:  layout_gridlike, st_stairs_6, grunt_ministairs_2
Crypt:2:  layout_catacombs, minivault_25
Crypt:3:  quadcrypt_mu, uniq_margery, uniq_bai_suzhen, uniq_khufu
Depths:1: layout_forbidden_donut, abyss_entry_flame_altar,
          hangedman_decor_growths, hell_entry, lightli_corner_chamber,
          minmay_shop_star, serial_bayou_shore_b, uniq_sojobo
Depths:2: minmay_containers, layout_cave_pools, corexii_leaking_fountain,
          grunt_pan_entry_spiral, biasface_ghost_demon_polymorph, hell_entry,
          kennysheep_diamond, uniq_saint_roka
Depths:3: abrahamwl_protected_by_tso_2, layout_basic, abyss_entry,
          rand_demon_pan_entry_7, lightli_too_deep, minmay_misc_feat_columns,
          hangedman_glass_teeth, bh_walls_and_bars,
          infiniplex_staircase_zigzag_3
Depths:4: minmay_guarded_unrand_majin_bo, layout_gridlike, abyss_entry,
          pan_entry, hangedman_geh_valley, serial_sigils_hangedman_scar,
          infiniplex_staircase_pool_1
Depths:5: grunt_x_marks_the_spot, layout_gridville, enter_ziggurat_a,
          hell_entry, nicolae_lava_and_water, abyss_entry, minmay_misc_feat_rows
Zot:1:    layout_gridlike, st_stairs_10, evilmike_ambush
          [evilmike_ambush_outer_pillars, evilmike_ambush_inner_basic]
Zot:2:    layout_concentric_octagons
Zot:3:    layout_onion_interference
Zot:4:    layout_concentric_octagons
Zot:5:    layout_twisted_circle, uniq_tiamat


Message History

The worm is too close now for your liking.
Firing (i - inventory. (/) - cycle)
f - 784 arrows (quivered)
Press: ? - help, Shift-Dir - straight line, f - worm
Aim: a worm You shoot an arrow.
The arrow hits the worm!!
You kill the worm!
No target in view!
No target in view!
(D) Dungeon (T) Temple (L) Lair (S) Swamp (N) Spider Nest (M) Slime Pits (O) Orcish Mines (E) Elven Halls (V) Vaults (C) Crypt (W) Tomb (U) Depths (H) Hell (Z) Zot
Where to? (Enter - D:1 @ (x,y), ? - help)
There is a stone staircase leading up here.
You climb upwards.
There is a stone staircase leading down, spattered with blood here.
You enter the shallow water.
Moving in this stuff is going to be slow.
There is a staircase leading out of the dungeon here.
You have escaped!

Notes
Turn   | Place    | Note
-------+----------+-------------------------------------------
     0 | D:1      | bmfx the Centaur Necromancer began the quest for the Orb.
     0 | D:1      | Reached XP level 1. HP: 14/14 MP: 3/3
   373 | D:1      | Reached XP level 2. HP: 20/20 MP: 2/4
  1654 | D:2      | Reached XP level 3. HP: 17/27 MP: 0/5
  1838 | D:2      | Noticed a bullfrog
  1865 | D:2      | Killed a bullfrog
  1865 | D:2      | Reached XP level 4. HP: 17/36 MP: 0/6
  2081 | D:1      | Learned a level 3 spell: Vampiric Draining
  2430 | D:2      | Reached skill level 5 in Necromancy
  3479 | D:3      | Reached XP level 5. HP: 41/42 MP: 4/7
  4517 | D:3      | Noticed a centaur
  4525 | D:3      | Killed a centaur
  4525 | D:3      | Reached skill level 1 in Maces & Flails
  4525 | D:3      | Reached XP level 6. HP: 39/51 MP: 5/8
  4837 | D:4      | Got a steaming leather armour
  4933 | D:4      | Identified the cursed +0 leather armour of the Ward {*Slow
                  | rF++ Str+4} (You found it on level 4 of the Dungeon)
  4999 | D:4      | Found a staircase to the Ecumenical Temple.
  5024 | Temple   | Entered the Ecumenical Temple
  5038 | Temple   | Became a worshipper of Warmaster Okawaru
  5713 | D:4      | Reached XP level 7. HP: 59/59 MP: 9/9
  6295 | D:5      | Entered Level 5 of the Dungeon
  6305 | D:5      | Reached * piety under Okawaru
  6503 | D:5      | Found a glowing drain.
  6547 | Sewer    | Entered a sewer
  7046 | D:5      | Reached skill level 1 in Evocations
  7046 | D:5      | Reached XP level 8. HP: 49/66 MP: 9/11
  7297 | D:5      | Noticed Duvessa
  7657 | D:5      | Found a blossoming altar of Fedhas.
  7670 | D:5      | Found a burning altar of Makhleb.
  7864 | D:5      | Noticed Dowan
  7873 | D:5      | Killed Duvessa
  7875 | D:5      | Killed Dowan
  8087 | D:6      | Reached ** piety under Okawaru
  8087 | D:6      | Reached skill level 5 in Bows
  8533 | D:6      | Reached XP level 9. HP: 71/71 MP: 12/12
  9023 | D:5      | Reached skill level 5 in Fighting
  9621 | D:7      | Noticed Harold
  9634 | D:7      | Killed Harold
  9634 | D:7      | Reached *** piety under Okawaru
 10063 | D:7      | Found a radiant altar of Vehumet.
 10076 | D:7      | Reached skill level 5 in Invocations
 10449 | D:8      | Found Oteloces's General Store.
 10456 | D:8      | Bought a scroll of identify for 28 gold pieces
 10457 | D:8      | Bought a scroll of identify for 28 gold pieces
 10786 | D:8      | Reached XP level 10. HP: 63/88 MP: 11/14
 10918 | D:8      | Found a bloodstained altar of Trog.
 11076 | D:8      | Found Luijywez's Antique Weapon Shop.
 11113 | D:8      | Found a glowing golden altar of the Shining One.
 11977 | D:9      | Noticed Erica
 11992 | D:9      | Killed Erica
 11992 | D:9      | Reached **** piety under Okawaru
 11992 | D:9      | Reached skill level 5 in Evocations
 12071 | D:9      | Identified Duekaun's Compendium of Confrontation
 12267 | D:9      | Noticed a catoblepas
 12780 | D:10     | Entered Level 10 of the Dungeon
 13361 | D:10     | Reached skill level 1 in Armour
 13618 | D:10     | Identified the cursed +0 ring mail of Hajitridgho {rC+}
 13680 | D:10     | Reached XP level 11. HP: 89/94 MP: 17/17
 13806 | D:10     | Found a staircase to the Orcish Mines.
 14089 | D:10     | Noticed Sonja
 14095 | D:10     | Killed Sonja
 14196 | D:11     | Noticed Urug
 14560 | D:11     | Noticed Gastronok
 14797 | D:11     | Found an opulent altar of Gozag.
 14916 | D:11     | Killed Urug
 14916 | D:11     | Received a gift from Okawaru
 14916 | D:11     | Reached skill level 10 in Bows
 15149 | D:11     | Found a staircase to the Lair.
 15411 | D:11     | Noticed Psyche
 15415 | D:11     | Killed Psyche
 15415 | D:11     | Reached ***** piety under Okawaru
 15415 | D:11     | Received a gift from Okawaru
 15532 | D:11     | Found a portal to a secret trove of treasure.
 15671 | D:11     | Received a gift from Okawaru
 15765 | D:11     | Noticed a cyan ugly thing
 15785 | D:11     | Killed a cyan ugly thing
 15834 | D:11     | Noticed Fannar
 15982 | Lair:1   | Entered Level 1 of the Lair of Beasts
 16361 | Lair:1   | Noticed Grum
 16410 | Lair:1   | Killed Grum
 16410 | Lair:1   | Reached XP level 12. HP: 69/105 MP: 18/18
 16559 | Lair:1   | Noticed Nergalle
 16577 | Lair:1   | Killed Nergalle
 16639 | Lair:1   | Received a gift from Okawaru
 16828 | Lair:1   | Noticed an eight-headed hydra
 16853 | Lair:1   | Killed an eight-headed hydra
 16900 | Lair:1   | Got a transparent ring mail
 16911 | Lair:1   | Identified the +1 ring mail of Zoeddeab {Harm rPois Int+3}
                  | (You found it on level 1 of the Lair of Beasts)
 17409 | Lair:2   | Reached skill level 10 in Fighting
 17725 | Lair:2   | Found a dark tunnel.
 17740 | Volcano  | Entered a volcano
 18137 | Lair:2   | Received a gift from Okawaru
 18629 | Lair:3   | Found a hole to the Spider Nest.
 18901 | Lair:3   | Received a gift from Okawaru
 19197 | Lair:3   | Reached skill level 15 in Bows
 19213 | Lair:3   | Noticed a four-headed hydra
 19220 | Lair:3   | Killed a four-headed hydra
 19784 | Lair:3   | Noticed a five-headed hydra
 19784 | Lair:3   | Noticed a four-headed hydra
 19794 | Lair:3   | Killed a five-headed hydra
 19825 | Lair:3   | Killed a four-headed hydra
 19877 | Lair:3   | Found a staircase to the Swamp.
 20727 | Lair:4   | Reached XP level 13. HP: 113/113 MP: 19/19
 20928 | Lair:4   | Received a gift from Okawaru
 21322 | Lair:4   | Received a gift from Okawaru
 21781 | Lair:5   | Received a gift from Okawaru
 21875 | Lair:5   | Got an ichor-stained arbalest {god gift}
 21884 | Lair:5   | Identified the +4 arbalest "Niruf" {god gift, elec, rC++
                  | SInv Stlth+} (Okawaru gifted it to you on level 5 of the
                  | Lair of Beasts)
 22507 | Lair:6   | Entered Level 6 of the Lair of Beasts
 22661 | Lair:6   | Received a gift from Okawaru
 22730 | Lair:6   | Received a gift from Okawaru
 22982 | Lair:6   | Received a gift from Okawaru
 23480 | Lair:6   | Reached ****** piety under Okawaru
 23853 | Lair:6   | Reached XP level 14. HP: 121/121 MP: 20/20
 24046 | Lair:6   | Received a gift from Okawaru
 24500 | Lair:6   | Noticed Kirke
 24512 | Lair:6   | Killed Kirke
 24793 | Lair:6   | Noticed Josephine
 24800 | Lair:6   | Killed Josephine
 24800 | Lair:6   | Received a gift from Okawaru
 24910 | Lair:6   | Identified the Papyrus of Ghastly Curses
 25248 | Lair:6   | Found a staircase to the Slime Pits.
 26189 | D:11     | Received a gift from Okawaru
 26190 | D:11     | Got a spiked centaur barding {god gift}
 26210 | Lair:1   | Identified the +4 centaur barding of Elitism {god gift,
                  | -Cast rF+ Regen+} (Okawaru gifted it to you on level 11 of
                  | the Dungeon)
 26311 | D:11     | Found Sexzoce's General Store.
 26323 | D:11     | Bought 2 scrolls of enchant armour for 195 gold pieces
 26596 | D:11     | Found a staircase to the Lair.
 26607 | D:11     | Found Sexzoce's General Store.
 26726 | D:11     | Killed Fannar
 26732 | D:11     | Killed Gastronok
 26907 | D:11     | Found an opulent altar of Gozag.
 27026 | D:11     | Found a portal to a secret trove of treasure.
 27152 | D:12     | Got a glittering copper ring
 27153 | D:12     | Identified the ring of the Pariah {*Tele Str+4 SInv} (You
                  | found it on level 12 of the Dungeon)
 27314 | D:12     | Noticed Maurice
 27314 | D:12     | Paralysed by Maurice for 7 turns
 27326 | D:12     | Killed Maurice
 28032 | D:13     | Reached XP level 15. HP: 135/135 MP: 21/21
 28359 | D:13     | Received a gift from Okawaru
 28629 | D:13     | Found a gate to the Vaults.
 29006 | D:14     | You fall into a shaft and drop 1 floor!
 29006 | D:15     | Entered Level 15 of the Dungeon
 29006 | D:15     | Noticed Agnes
 29015 | D:15     | Killed Agnes
 29015 | D:15     | Received a gift from Okawaru
 29221 | D:15     | Found a staircase to the Depths.
 29884 | D:15     | Reached skill level 15 in Fighting
 29975 | D:15     | Noticed Rupert
 30017 | D:15     | Killed Rupert
 30570 | D:14     | Received a gift from Okawaru
 30626 | D:14     | Reached skill level 5 in Armour
 30693 | D:14     | Identified a scroll of acquirement
 30697 | D:14     | Got the +9 longbow of Niegeir {venom, MR+ MP+9}
 31047 | D:14     | Identified Roxanne's Grimoire of Stones
 31047 | D:14     | Noticed Roxanne
 31057 | D:14     | Received a gift from Okawaru
 31349 | D:14     | Killed Roxanne
 31513 | Orc:1    | Entered Level 1 of the Orcish Mines
 31578 | Orc:1    | You fall into a shaft and drop 1 floor!
 31578 | Orc:2    | Entered Level 2 of the Orcish Mines
 31637 | Orc:1    | Noticed Jorgrun
 31655 | Orc:1    | Killed Jorgrun
 31752 | Orc:1    | Found a roughly hewn altar of Beogh.
 31966 | Orc:2    | Noticed Snorg
 31971 | Orc:2    | Killed Snorg
 32131 | Orc:2    | Found a roughly hewn altar of Beogh.
 32257 | Orc:2    | Found a staircase to the Elven Halls.
 32442 | Orc:2    | Noticed an orc warlord
 32458 | Orc:2    | Killed an orc warlord
 32465 | Orc:2    | Reached XP level 16. HP: 148/149 MP: 22/22
 32493 | Orc:2    | Found a roughly hewn altar of Beogh.
 32493 | Orc:2    | Found Botati's Antique Armour Emporium.
 32498 | Orc:2    | Found Veacantur's Antique Weapon Shoppe.
 32545 | Orc:2    | Bought a faintly glowing plate armour for 700 gold pieces
 32557 | Orc:2    | Identified the +3 plate armour of Death Resistance {Regen+
                  | Int+3} (You bought it in a shop on level 2 of the Orcish
                  | Mines)
 32618 | Orc:2    | Found Dejywum's General Store.
 32723 | Orc:2    | Bought a potion of heal wounds for 70 gold pieces
 32848 | Orc:2    | Found a roughly hewn altar of Beogh.
 32865 | Orc:2    | Received a gift from Okawaru
 32871 | Orc:2    | Found Hoelic's Weapon Shop.
 33153 | Orc:2    | Found a roughly hewn altar of Beogh.
 33165 | Orc:2    | Found Diumuwut's Weapon Shoppe.
 33522 | Spider:1 | Entered Level 1 of the Spider Nest
 33547 | Spider:1 | Received a gift from Okawaru
 34349 | Spider:1 | Received a gift from Okawaru
 34669 | Spider:2 | Received a gift from Okawaru
 34903 | Spider:2 | Received a gift from Okawaru
 35257 | Spider:3 | Reached skill level 5 in Dodging
 35281 | Spider:3 | Received a gift from Okawaru
 35719 | Spider:3 | Received a gift from Okawaru
 35734 | Spider:3 | Got a steaming ring mail {god gift}
 35752 | Spider:3 | Identified the +6 ring mail of a Thousand Defenders {god
                  | gift, rElec Str+4} (Okawaru gifted it to you on level 3 of
                  | the Spider Nest)
 36583 | Spider:3 | Reached XP level 17. HP: 138/156 MP: 23/23
 36681 | Spider:4 | Entered Level 4 of the Spider Nest
 37030 | Spider:4 | Received a gift from Okawaru
 37062 | Spider:4 | Received a gift from Okawaru
 37121 | Spider:4 | Got a masterwork helmet {god gift}
 37122 | Spider:4 | Identified the +1 helmet of the Abyss {god gift, Int+4}
                  | (Okawaru gifted it to you on level 4 of the Spider Nest)
 37635 | Spider:4 | Reached skill level 10 in Armour
 37724 | Spider:4 | Received a gift from Okawaru
 38063 | Spider:4 | Noticed Nikola
 38169 | Spider:4 | Killed Nikola
 38183 | Spider:4 | Received a gift from Okawaru
 38563 | Spider:4 | Got a gossamer rune of Zot
 39063 | Swamp:1  | Entered Level 1 of the Swamp
 39071 | Swamp:1  | Found a runed translucent door.
 39203 | Swamp:1  | Got a smelly ring mail
 39221 | Swamp:1  | Identified the cursed +0 ring mail of the Forest {-Cast MR+
                  | Slay+3} (You found it on level 1 of the Swamp)
 39294 | Swamp:1  | Received a gift from Okawaru
 40190 | Swamp:2  | Reached XP level 18. HP: 150/163 MP: 24/24
 40199 | Swamp:2  | Received a gift from Okawaru
 40540 | Swamp:2  | Received a gift from Okawaru
 40830 | Swamp:2  | Received a gift from Okawaru
 41084 | Swamp:3  | Reached skill level 10 in Dodging
 42042 | Swamp:4  | Entered Level 4 of the Swamp
 42158 | Swamp:4  | Noticed Aizul
 42170 | Swamp:4  | Killed Aizul
 42222 | Swamp:4  | Noticed the 27-headed Lernaean hydra
 42234 | Swamp:4  | Killed the 27-headed Lernaean hydra
 42242 | Swamp:4  | Received a gift from Okawaru
 42575 | Swamp:4  | Received a gift from Okawaru
 42589 | Swamp:4  | Got a decaying rune of Zot
 42952 | Swamp:4  | Noticed a tentacled monstrosity
 42959 | Swamp:4  | Killed a tentacled monstrosity
 42961 | Swamp:4  | Found a runed translucent door.
 42962 | Swamp:4  | Noticed PIKKUHERKKO's ghost (adept DsBe)
 42969 | Swamp:4  | Noticed Donald
 42973 | Swamp:4  | Received a gift from Okawaru
 42984 | Swamp:4  | Killed Donald
 43382 | Lair:5   | Identified the cursed +2 rapier of Terra Cotta {drain,
                  | Int+3} (You found it on level 5 of the Lair of Beasts)
 43554 | Elf:1    | Entered Level 1 of the Elven Halls
 43870 | Elf:1    | Identified the Papyrus of Confrontation
 44145 | Elf:1    | Received a gift from Okawaru
 44301 | Elf:1    | Found Gati's Gadget Boutique.
 44491 | Elf:2    | Received a gift from Okawaru
 44494 | Elf:2    | Reached XP level 19. HP: 146/172 MP: 25/25
 44738 | Elf:2    | Found a huge runed translucent gate.
 44738 | Elf:2    | Found a huge runed translucent gate.
 44738 | Elf:2    | Found a huge runed translucent gate.
 44738 | Elf:2    | Found a huge runed translucent gate.
 44740 | Elf:2    | Found a huge runed translucent gate.
 44966 | Elf:2    | Found a large runed translucent door.
 44966 | Elf:2    | Found a large runed translucent door.
 44967 | Elf:2    | Noticed Naub's ghost (adept HaCK)
 45424 | Elf:2    | Noticed Asterion
 45438 | Elf:2    | Received a gift from Okawaru
 45442 | Elf:2    | Killed Asterion
 45584 | Elf:2    | Received a gift from Okawaru
 45619 | Elf:2    | Received a gift from Okawaru
 45862 | Elf:3    | Entered Level 3 of the Elven Halls
 45863 | Elf:3    | Found a shimmering blue altar of Sif Muna.
 46036 | Elf:3    | Found Itwolod's Antique Weapon Emporium.
 46069 | Elf:3    | Noticed Mara
 46087 | Elf:3    | Noticed bmfx's illusion
 46087 | Elf:3    | Killed Mara
 46544 | Elf:3    | Received a gift from Okawaru
 47028 | Elf:3    | Received a gift from Okawaru
 47121 | Elf:3    | Identified the +8 flail "Hiahillir" {elec, *Drain +Fly
                  | rElec MP+9 Stlth+}
 47125 | Elf:3    | Reached XP level 20. HP: 191/191 MP: 26/26
 47143 | Elf:3    | Identified the +7 morningstar of the Warrior {holy, Int+3}
 47242 | Elf:3    | Identified the +2 rapier of Precise Incision {holy, +Blink
                  | rPois rC+++ Stlth-}
 47242 | Elf:3    | Identified the ring "Koihof" {rCorr Str+4}
 47254 | Elf:3    | Identified the +1 scale mail of Liberty {Harm rElec rPois
                  | Dex+4} (You found it on level 3 of the Elven Halls)
 47267 | Elf:3    | Identified the +8 chain mail of the Moon {MR+ Dex+4} (You
                  | found it on level 3 of the Elven Halls)
 47275 | Elf:3    | Got a scintillating copper ring
 47277 | Elf:3    | Identified the ring "Uwniys" {rF+ Stlth+} (You found it on
                  | level 3 of the Elven Halls)
 48624 | Vaults:1 | Entered Level 1 of the Vaults
 49055 | Vaults:1 | Received a gift from Okawaru
 49700 | Vaults:1 | Found Xefin's Book Boutique.
 50115 | Vaults:1 | You fall into a shaft and drop 1 floor!
 50130 | Vaults:2 | Reached skill level 10 in Invocations
 50633 | Vaults:2 | Received a gift from Okawaru
 50638 | Vaults:2 | Reached skill level 10 in Evocations
 51575 | Vaults:2 | Found Weurgh's Book Emporium.
 51658 | Vaults:2 | Received a gift from Okawaru
 51944 | Vaults:2 | Found a staircase to the Crypt.
 51958 | Vaults:2 | Received a gift from Okawaru
 52383 | Vaults:3 | Reached XP level 21. HP: 203/203 MP: 28/28
 52565 | Vaults:3 | You fall into a shaft and drop 1 floor!
 53084 | Vaults:4 | Received a gift from Okawaru
 53204 | Vaults:4 | Received a gift from Okawaru
 53217 | Vaults:4 | Found Fopream's Assorted Antiques.
 53238 | Vaults:4 | Bought a scroll of blinking for 330 gold pieces
 53238 | Vaults:4 | Bought an ancient plate armour for 1232 gold pieces
 53238 | Vaults:4 | Identified the +7 plate armour of Articulation {rN+ Dex+4
                  | SInv} (You bought it in a shop on level 4 of the Vaults)
 54022 | Vaults:4 | Received a gift from Okawaru
 55724 | Depths:1 | Entered Level 1 of the Depths
 55866 | Depths:1 | Found a corrupted altar of Lugonu.
 55871 | Depths:1 | Found a one-way gate to the infinite horrors of the Abyss.
 55982 | Depths:1 | Found a gateway to Hell.
 56025 | Depths:1 | Received a gift from Okawaru
 56034 | Depths:1 | Reached XP level 22. HP: 215/215 MP: 29/29
 56037 | Depths:1 | Got a pair of transparent gloves {god gift}
 56048 | Depths:1 | Identified the +2 pair of gloves of the Cockroach {god
                  | gift, *Corrode Str+4 Int+7} (Okawaru gifted it to you on
                  | level 1 of the Depths)
 56095 | Depths:1 | Found Ynorphiu's Food Boutique.
 56157 | Depths:1 | Noticed Sojobo
 56233 | Depths:1 | Killed Sojobo
 56929 | Depths:2 | Noticed Saint Roka
 57056 | Depths:2 | Killed Saint Roka
 57309 | Depths:2 | Found Deasoo's Gadget Boutique.
 57833 | Orc:2    | Bought a lightning rod (4/4) for 560 gold pieces
 58144 | Depths:2 | Reached skill level 15 in Armour
 58145 | Depths:2 | Found a one-way gate leading to the halls of Pandemonium.
 58153 | Depths:2 | Received a gift from Okawaru
 58298 | Depths:2 | Noticed a juggernaut
 58307 | Depths:2 | Killed a juggernaut
 58382 | Depths:2 | Identified the +2 leather armour of Pathos {+Inv Str+5}
                  | (You found it on level 2 of the Depths)
 58550 | Depths:2 | Found a runed translucent gate.
 58550 | Depths:2 | Found a runed translucent gate.
 58550 | Depths:2 | Found a runed translucent gate.
 58550 | Depths:2 | Noticed Jeudghys's ghost (veteran MiFi)
 58857 | Depths:3 | Received a gift from Okawaru
 58858 | Depths:3 | Found the +3 pair of gauntlets of War {god gift, Slay+5}
 60079 | Depths:3 | Found a glowing golden altar of the Shining One.
 60778 | Depths:4 | Reached XP level 23. HP: 194/223 MP: 22/30
 60793 | Depths:4 | Received a gift from Okawaru
 60794 | Depths:4 | Identified the +1 centaur barding "Osmoen" {god gift, +Inv
                  | MR+} (Okawaru gifted it to you on level 4 of the Depths)
 60841 | Depths:4 | Found the +6 Majin-Bo {vamp, Archmagi MP+6 Int+6}
 61379 | Depths:5 | Entered Level 5 of the Depths
 61528 | Depths:5 | Paralysed by a hornet for 1 turns
 61670 | Depths:5 | Noticed a caustic shrike
 61670 | Depths:5 | Noticed a caustic shrike
 61682 | Depths:5 | Killed a caustic shrike
 61682 | Depths:5 | Received a gift from Okawaru
 61684 | Depths:5 | Killed a caustic shrike
 61693 | Depths:5 | Identified the +4 centaur barding "Mynt" {god gift, rElec
                  | rF- rN++ Int+4} (Okawaru gifted it to you on level 5 of the
                  | Depths)
 61702 | Depths:5 | Noticed a caustic shrike
 61709 | Depths:5 | Killed a caustic shrike
 61710 | Depths:5 | Noticed a caustic shrike
 61715 | Depths:5 | Noticed a caustic shrike
 61719 | Depths:5 | Killed a caustic shrike
 61722 | Depths:5 | Killed a caustic shrike
 62014 | Depths:5 | Received a gift from Okawaru
 62177 | Depths:5 | Found a gate to the Realm of Zot.
 62381 | Depths:5 | Found a gateway to a ziggurat.
 62510 | Depths:5 | Got a scorched sapphire amulet
 62948 | D:11     | Bought a scroll of identify for 26 gold pieces
 62948 | D:11     | Identified the amulet "Ruunyos" {Faith Dex+2} (You found it
                  | on level 5 of the Depths)
 63266 | Vaults:5 | Entered Level 5 of the Vaults
 63329 | Vaults:5 | Reached XP level 24. HP: 231/231 MP: 29/30
 63383 | Vaults:5 | Received a gift from Okawaru
 63915 | Vaults:5 | Reached skill level 15 in Dodging
 63926 | Vaults:5 | Received a gift from Okawaru
 63928 | Vaults:5 | Got a faintly glowing longbow {god gift}
 63930 | Vaults:5 | Identified the +3 longbow "Zyuq" {god gift, speed, rPois
                  | rC+ MR- Dex+9} (Okawaru gifted it to you on level 5 of the
                  | Vaults)
 64116 | Vaults:5 | Got a silver rune of Zot
 64431 | Vaults:5 | Identified the cursed +0 leather armour "Tidd" {+Fly rC+
                  | Int-2}
 64464 | Vaults:5 | Received a gift from Okawaru
 64466 | Vaults:5 | Got an ancient centaur barding {god gift}
 64594 | Vaults:5 | Identified the +0 centaur barding of Rifooh {god gift,
                  | rPois rC+ Slay+2} (Okawaru gifted it to you on level 5 of
                  | the Vaults)
 64665 | Vaults:5 | Got a fading chain mail
 64957 | Vaults:5 | Identified the cursed +1 robe "Ices" {rPois}
 64965 | Vaults:5 | Identified the cursed +1 chain mail of Chimes {Regen+
                  | Str+3} (You found it on level 5 of the Vaults)
 65005 | Vaults:5 | Got an ichor-stained leather armour
 65016 | Vaults:5 | Identified the cursed +0 leather armour of the Goldsmith
                  | {Slay+5} (You found it on level 5 of the Vaults)
 65645 | Vaults:5 | Got an ichor-stained lajatang
 65646 | Vaults:5 | Identified the +10 lajatang of Indomitability {vorpal,
                  | rPois rF- Dex+10 Stlth-} (You found it on level 5 of the
                  | Vaults)
 65963 | D:11     | You paid a toll of +3 storm dragon scales to enter a
                  | treasure trove
 65964 | Trove    | Entered a treasure trove
 65970 | Trove    | Found the +8 longbow "Zephyr" {speed, Dex+3 SInv}
 65970 | Trove    | Found the +10 Black Knight's horse barding {ponderous,
                  | rPois rN+}
 65978 | Trove    | Got a slimy silver amulet
 66003 | Trove    | Got a slimy golden ring
 66005 | Trove    | Identified the ring "Doyhum" {Int+2 Dex+4 SInv Stlth+} (You
                  | found it in a treasure trove)
 66023 | Trove    | Got a fine amber ring
 66025 | Trove    | Identified the ring of Xaless {Wiz +Inv rPois} (You found
                  | it in a treasure trove)
 66108 | D:11     | Bought a scroll of identify for 26 gold pieces
 66108 | D:11     | Identified the amulet "Niceagoc" {rPois Regen+ MP+9 Stlth+}
                  | (You found it in a treasure trove)
 66312 | Crypt:1  | Entered Level 1 of the Crypt
 66609 | Crypt:1  | Reached XP level 25. HP: 210/238 MP: 30/30
 66965 | Crypt:1  | Received a gift from Okawaru
 68216 | Crypt:2  | Received a gift from Okawaru
 68620 | Crypt:3  | Entered Level 3 of the Crypt
 68627 | Crypt:3  | Noticed Margery
 68660 | Crypt:3  | Killed Margery
 68917 | Crypt:3  | Received a gift from Okawaru
 69036 | Crypt:3  | Got a crude plate armour
 69037 | Crypt:3  | Identified the +7 plate armour "Tim Ann" {rPois Regen+
                  | Dex+3} (You found it on level 3 of the Crypt)
 69456 | Crypt:3  | Noticed Bai Suzhen
 70072 | Crypt:3  | Received a gift from Okawaru
 70318 | Crypt:3  | Killed Bai Suzhen
 70335 | Crypt:3  | Found the +7 great mace "Undeadhunter" {disrupt, rN+}
 70536 | Crypt:3  | Found a staircase to the Tomb.
 70844 | Crypt:3  | Noticed a greater mummy
 70846 | Crypt:3  | Noticed Khufu
 70854 | Crypt:3  | Killed a greater mummy
 70856 | Crypt:3  | Noticed a greater mummy
 70858 | Crypt:3  | Noticed a greater mummy
 71017 | Crypt:3  | Killed a greater mummy
 71024 | Crypt:3  | Killed a greater mummy
 71024 | Crypt:3  | Received a gift from Okawaru
 71034 | Crypt:3  | Killed Khufu
 71477 | Crypt:3  | Received a gift from Okawaru
 71518 | Crypt:3  | Got a steaming longbow {god gift}
 71519 | Crypt:3  | Identified the +4 longbow "Rakh" {god gift, flame, *Slow
                  | MR+ Str+7 Dex-3} (Okawaru gifted it to you on level 3 of
                  | the Crypt)
 71702 | Crypt:3  | Found an ancient bone altar of Kikubaaqudgha.
 71715 | Crypt:3  | Noticed an ancient lich
 71720 | Crypt:3  | Killed an ancient lich
 71723 | Crypt:3  | Found the +8 whip "Snakebite" {curare, rPois}
 72357 | Zot:1    | Entered Level 1 of the Realm of Zot
 72395 | Zot:1    | Reached XP level 26. HP: 245/245 MP: 30/30
 72612 | Zot:1    | Received a gift from Okawaru
 72856 | Zot:1    | Received a gift from Okawaru
 73241 | Zot:1    | Received a gift from Okawaru
 73275 | Zot:1    | Received a gift from Okawaru
 73869 | Zot:2    | Received a gift from Okawaru
 73948 | Zot:2    | Got a heavy robe {god gift}
 75225 | Zot:2    | Reached XP level 27. HP: 241/254 MP: 30/30
 75721 | Zot:3    | Received a gift from Okawaru
 75771 | Zot:3    | Received a gift from Okawaru
 76140 | Zot:3    | Received a gift from Okawaru
 76615 | Zot:4    | Received a gift from Okawaru
 76616 | Zot:4    | Got a dazzling crystal plate armour {god gift}
 76617 | Zot:4    | Identified the +0 crystal plate armour of Death's Door {god
                  | gift, rElec rPois Slay+5 Stlth-} (Okawaru gifted it to you
                  | on level 4 of the Realm of Zot)
 77593 | Zot:5    | Entered Level 5 of the Realm of Zot
 78171 | Zot:5    | Identified the +4 dragonskin cloak
 78171 | Zot:5    | Noticed Tiamat
 78234 | Zot:5    | Killed Tiamat
 78349 | Zot:5    | Received a gift from Okawaru
 78595 | Zot:5    | Noticed an ancient lich
 78603 | Zot:5    | Received a gift from Okawaru
 78607 | Zot:5    | Killed an ancient lich
 78607 | Zot:5    | Received a gift from Okawaru
 78806 | Zot:5    | Identified the +2 rapier "Tormentor" {drain, Fragile rPois
                  | rF+} (You found it on level 5 of the Realm of Zot)
 78821 | Zot:5    | Noticed an orb of fire
 78824 | Zot:5    | Noticed an ancient lich
 78839 | Zot:5    | Gained mutation: Your magical capacity is low. (-10% MP)
                  | [an orb of fire]
 78841 | Zot:5    | Killed an orb of fire
 78841 | Zot:5    | Received a gift from Okawaru
 78848 | Zot:5    | Killed an ancient lich
 78857 | Zot:5    | Received a gift from Okawaru
 79152 | Zot:5    | Noticed an ancient lich
 79159 | Zot:5    | Killed an ancient lich
 79180 | Zot:5    | Noticed an ancient lich
 79186 | Zot:5    | Killed an ancient lich
 79203 | Zot:5    | Noticed an orb of fire
 79220 | Zot:5    | Killed an orb of fire
 79240 | Zot:5    | Noticed an ancient lich
 79353 | Zot:5    | Received a gift from Okawaru
 79354 | Zot:5    | Identified the +0 centaur barding of Altruism {god gift,
                  | rElec Regen+ rCorr Dex+2} (Okawaru gifted it to you on
                  | level 5 of the Realm of Zot)
 79493 | Zot:5    | Killed an ancient lich
 79649 | Zot:5    | Noticed an ancient lich
 79655 | Zot:5    | Killed an ancient lich
 80062 | Zot:5    | Got the Orb of Zot
 80158 | Zot:3    | Noticed Titzif the pandemonium lord
 80179 | Zot:3    | Killed Titzif the pandemonium lord
 80361 | D:15     | Noticed Loufuocy the pandemonium lord
 80377 | D:15     | Killed Loufuocy the pandemonium lord
 80497 | D:10     | Noticed Zenkesh the pandemonium lord
 80535 | D:8      | Noticed Relygiff the pandemonium lord
 80669 | D:$      | Escaped with the Orb!
